TOP OF THE 1ST |
Phoenix Hotspur batting - Pitching for New Amsterdam Republics : RHP Bobby Swain
|
Pitching: RHP Bobby Swain
|
|
Batting: LHB Arthur Ryan
|
0-0: Ball 1-0: Foul Ball, location: 2F 1-1: Swinging Strike 1-2: Strikes out looking
|
Batting: LHB Dave Knight
|
0-0: Ball 1-0: Fly out, F7 (Flyball, 7LM)
|
Batting: RHB Randy Rehling
|
0-0: Called Strike 0-1: Ball 1-1: Called Strike 1-2: Strikes out swinging
|
Top of the 1st over - 0 run(s), 0 hit(s), 0 error(s), 0 left on base; Phoenix 0 - New Amsterdam 0 |
BOTTOM OF THE 1ST |
New Amsterdam Republics batting - Pitching for Phoenix Hotspur : RHP Pedro Valdéz
|
Pitching: RHP Pedro Valdéz
|
|
Batting: RHB António Pérez
|
0-0: Ball 1-0: Called Strike 1-1: Called Strike 1-2: Ball 2-2: Ball 3-2: Strikes out swinging
|
Batting: RHB Cory Hansen
|
0-0: Foul Ball, location: 2F 0-1: Fly out, F7 (Line Drive, 78M)
|
Batting: RHB Hank Wilder
|
0-0: Foul Ball, location: 2F 0-1: Called Strike 0-2: Ball 1-2: Ball 2-2: Strikes out swinging
|
Bottom of the 1st over - 0 run(s), 0 hit(s), 0 error(s), 0 left on base; Phoenix 0 - New Amsterdam 0 |
TOP OF THE 2ND |
Phoenix Hotspur batting - Pitching for New Amsterdam Republics : RHP Bobby Swain
|
Batting: LHB Rubén López
|
0-0: Called Strike 0-1: Foul Ball, location: 2F 0-2: SINGLE (Line Drive, 5D)
|
Batting: LHB Albert González
|
0-0: Called Strike 0-1: Foul Ball, location: 2F 0-2: Strikes out swinging
|
Batting: RHB John Moore
|
0-0: Called Strike 0-1: Ball 1-1: Ball Rubén López steals 2nd base 2-1: Foul Ball, location: 2F 2-2: Ground out 6-3 (Groundball, 6M) Rubén López to third
|
Batting: RHB António Padilla
|
0-0: Swinging Strike 0-1: Swinging Strike 0-2: Fly out, F2 (Popup, 2LF)
|
Top of the 2nd over - 0 run(s), 1 hit(s), 0 error(s), 1 left on base; Phoenix 0 - New Amsterdam 0 |
BOTTOM OF THE 2ND |
New Amsterdam Republics batting - Pitching for Phoenix Hotspur : RHP Pedro Valdéz
|
Batting: LHB Félix López
|
0-0: Called Strike 0-1: Foul Ball, location: 2F 0-2: Ground out 6-3 (Groundball, 6)
|
Batting: RHB Júlio Maldonado
|
0-0: Ball 1-0: Ball 2-0: Ground out 6-3 (Groundball, 6)
|
Batting: RHB Luis Muńóz
|
0-0: Called Strike 0-1: Ball 1-1: Called Strike 1-2: Ground out 5-3 (Groundball, 56)
|
Bottom of the 2nd over - 0 run(s), 0 hit(s), 0 error(s), 0 left on base; Phoenix 0 - New Amsterdam 0 |
TOP OF THE 3RD |
Phoenix Hotspur batting - Pitching for New Amsterdam Republics : RHP Bobby Swain
|
Batting: RHB Gabriel Pérez
|
0-0: Called Strike 0-1: Ball 1-1: SINGLE (Groundball, 5L)
|
Batting: RHB Martín Martínez
|
0-0: Called Strike 0-1: Ball 1-1: Ball 2-1: Ball 3-1: Base on Balls Gabriel Pérez to second
|
Batting: LHB Arthur Ryan
|
0-0: Ball 1-0: Swinging Strike 1-1: Ball 2-1: Ball 3-1: Foul Ball, location: 2F 3-2: Grounds into double play, 5-4-3 (Groundball, 56) Gabriel Pérez to third
|
Batting: LHB Dave Knight
|
0-0: Ball 1-0: Ball 2-0: Ball 3-0: Called Strike 3-1: Called Strike 3-2: Foul Ball, location: 2F 3-2: Foul Ball, location: 2F 3-2: Strikes out swinging
|
Top of the 3rd over - 0 run(s), 1 hit(s), 0 error(s), 1 left on base; Phoenix 0 - New Amsterdam 0 |
BOTTOM OF THE 3RD |
New Amsterdam Republics batting - Pitching for Phoenix Hotspur : RHP Pedro Valdéz
|
Batting: RHB Carlos Ortega
|
0-0: Called Strike 0-1: Ball 1-1: Ball 2-1: Ball 3-1: Base on Balls
|
Batting: LHB Steve Ingram
|
0-0: Ball 1-0: Fly out, F7 (Flyball, 78D)
|
Batting: RHB Ed Anderson
|
0-0: Ball 1-0: Called Strike 1-1: Called Strike 1-2: Foul Ball, location: 2F 1-2: Ball Carlos Ortega steals 2nd base 2-2: Foul Ball, location: 2F 2-2: Strikes out swinging
|
Batting: RHB António Pérez
|
0-0: Called Strike 0-1: Ball 1-1: Swinging Strike 1-2: Ball 2-2: Strikes out swinging
|
Bottom of the 3rd over - 0 run(s), 0 hit(s), 0 error(s), 1 left on base; Phoenix 0 - New Amsterdam 0 |
TOP OF THE 4TH |
Phoenix Hotspur batting - Pitching for New Amsterdam Republics : RHP Bobby Swain
|
Batting: RHB Randy Rehling
|
0-0: Foul Ball, location: 2F 0-1: Fly out, F4 (Popup, 4MD)
|
Batting: LHB Rubén López
|
0-0: Foul Ball, location: 2F 0-1: Called Strike 0-2: Ball 1-2: Foul Ball, location: 2F 1-2: Foul Ball, location: 2F 1-2: Strikes out swinging
|
Batting: LHB Albert González
|
0-0: Ball 1-0: Ball 2-0: Fly out, F8 (Flyball, 8LM)
|
Top of the 4th over - 0 run(s), 0 hit(s), 0 error(s), 0 left on base; Phoenix 0 - New Amsterdam 0 |
BOTTOM OF THE 4TH |
New Amsterdam Republics batting - Pitching for Phoenix Hotspur : RHP Pedro Valdéz
|
Batting: RHB Cory Hansen
|
0-0: Foul Ball, location: 2F 0-1: Ball 1-1: Foul Ball, location: 2F 1-2: Ground out 6-3 (Groundball, 6)
|
Batting: RHB Hank Wilder
|
0-0: Called Strike 0-1: Called Strike 0-2: Ball 1-2: Ball 2-2: Strikes out swinging
|
Batting: LHB Félix López
|
0-0: Ball 1-0: Foul Ball, location: 2F 1-1: Ball 2-1: Called Strike 2-2: Fly out, F7 (Flyball, 7M)
|
Bottom of the 4th over - 0 run(s), 0 hit(s), 0 error(s), 0 left on base; Phoenix 0 - New Amsterdam 0 |
TOP OF THE 5TH |
Phoenix Hotspur batting - Pitching for New Amsterdam Republics : RHP Bobby Swain
|
Batting: RHB John Moore
|
0-0: Foul Ball, location: 2F 0-1: Foul Ball, location: 2F 0-2: Ball 1-2: Foul Ball, location: 2F 1-2: Strikes out swinging
|
Batting: RHB António Padilla
|
0-0: Called Strike 0-1: Swinging Strike 0-2: Foul Ball, location: 2F 0-2: Ball 1-2: Foul Ball, location: 2F 1-2: Strikes out swinging
|
Batting: RHB Gabriel Pérez
|
0-0: Ball 1-0: Called Strike 1-1: Foul Ball, location: 2F 1-2: Strikes out swinging
|
Top of the 5th over - 0 run(s), 0 hit(s), 0 error(s), 0 left on base; Phoenix 0 - New Amsterdam 0 |
BOTTOM OF THE 5TH |
New Amsterdam Republics batting - Pitching for Phoenix Hotspur : RHP Pedro Valdéz
|
Batting: RHB Júlio Maldonado
|
0-0: Ground out 1-3 (Groundball, 23)
|
Batting: RHB Luis Muńóz
|
0-0: Ball 1-0: Swinging Strike 1-1: Ball 2-1: Ball 3-1: Base on Balls
|
Batting: RHB Carlos Ortega
|
0-0: Fielders Choice at 2nd, 6-4 (Groundball, 6)
|
Batting: LHB Steve Ingram
|
0-0: Called Strike 0-1: Ball 1-1: Ball 2-1: Fly out, F4 (Popup, 4D)
|
Bottom of the 5th over - 0 run(s), 0 hit(s), 0 error(s), 1 left on base; Phoenix 0 - New Amsterdam 0 |
TOP OF THE 6TH |
Phoenix Hotspur batting - Pitching for New Amsterdam Republics : RHP Bobby Swain
|
Batting: RHB Martín Martínez
|
0-0: Ground out 6-3 (Groundball, 6M)
|
Batting: LHB Arthur Ryan
|
Single, Error in OF, E9, batter to second base
|
Batting: LHB Dave Knight
|
0-0: Called Strike Arthur Ryan steals 3rd base 0-1: 2-RUN HOME RUN (Flyball, 89XD), Distance : 435 ft
|
Batting: RHB Randy Rehling
|
0-0: Called Strike 0-1: Foul Ball, location: 2F 0-2: Ball 1-2: Ball 2-2: Ball 3-2: Foul Ball, location: 2F 3-2: Ground out 6-3 (Groundball, 6)
|
Batting: LHB Rubén López
|
0-0: Called Strike 0-1: Ball 1-1: Called Strike 1-2: Strikes out swinging
|
Top of the 6th over - 2 run(s), 2 hit(s), 1 error(s), 0 left on base; Phoenix 2 - New Amsterdam 0 |
BOTTOM OF THE 6TH |
New Amsterdam Republics batting - Pitching for Phoenix Hotspur : RHP Pedro Valdéz
|
Batting: RHB Ed Anderson
|
0-0: Called Strike 0-1: Ball 1-1: SINGLE (Groundball, 6D)
|
Batting: RHB António Pérez
|
0-0: Ball 1-0: Ground out 4-3 (Groundball, 4M) Ed Anderson to second
|
Pitching: RHP Craig Gasnier
|
|
Batting: RHB Cory Hansen
|
0-0: DOUBLE (Line Drive, 78D) Ed Anderson scores
|
Batting: RHB Hank Wilder
|
0-0: Ball 1-0: Swinging Strike Balk! Cory Hansen to third 1-1: Foul Ball, location: 2F 1-2: Ball 2-2: SINGLE (Groundball, 6MD) Cory Hansen scores
|
Batting: LHB Félix López
|
0-0: Called Strike 0-1: Foul Ball, location: 2F 0-2: Ball 1-2: Fly out, F2 (Popup, 2RF)
|
Batting: RHB Júlio Maldonado
|
0-0: Ball 1-0: Ground out 6-3 (Groundball, 6)
|
Bottom of the 6th over - 2 run(s), 3 hit(s), 0 error(s), 1 left on base; Phoenix 2 - New Amsterdam 2 |
TOP OF THE 7TH |
Phoenix Hotspur batting - Pitching for New Amsterdam Republics : RHP Bobby Swain
|
Batting: LHB Albert González
|
0-0: Ball 1-0: Called Strike 1-1: Foul Ball, location: 2F 1-2: Strikes out swinging
|
Batting: RHB John Moore
|
0-0: Called Strike 0-1: Called Strike 0-2: Fly out, F9 (Line Drive, 9D)
|
Batting: RHB António Padilla
|
0-0: Swinging Strike 0-1: Ball 1-1: Called Strike 1-2: Strikes out swinging
|
Top of the 7th over - 0 run(s), 0 hit(s), 0 error(s), 0 left on base; Phoenix 2 - New Amsterdam 2 |
BOTTOM OF THE 7TH |
New Amsterdam Republics batting - Pitching for Phoenix Hotspur : RHP Craig Gasnier
|
Batting: RHB Luis Muńóz
|
0-0: Called Strike 0-1: Ball 1-1: Ground out 5-3 (Groundball, 56)
|
Batting: RHB Carlos Ortega
|
0-0: Ball 1-0: SINGLE (Groundball, 56)
|
Batting: LHB Steve Ingram
|
0-0: Ball 1-0: Called Strike 1-1: Called Strike 1-2: Fly out, F8 (Flyball, 8LD)
|
Pitching: RHP Scott William
|
|
Batting: RHB Ed Anderson
|
0-0: Called Strike 0-1: Ball 1-1: Ball 2-1: Called Strike 2-2: Strikes out swinging
|
Bottom of the 7th over - 0 run(s), 1 hit(s), 0 error(s), 1 left on base; Phoenix 2 - New Amsterdam 2 |
TOP OF THE 8TH |
Phoenix Hotspur batting - Pitching for New Amsterdam Republics : RHP Bobby Swain
|
Batting: RHB Gabriel Pérez
|
0-0: Ball 1-0: Swinging Strike 1-1: Swinging Strike 1-2: Foul Ball, location: 2F 1-2: Foul Ball, location: 2F 1-2: Fly out, F4 (Popup, 4D)
|
Batting: RHB Martín Martínez
|
0-0: Called Strike 0-1: Ball 1-1: Swinging Strike 1-2: Strikes out swinging
|
Batting: LHB Arthur Ryan
|
0-0: Ball 1-0: Fly out, F7 (Flyball, 7S)
|
Top of the 8th over - 0 run(s), 0 hit(s), 0 error(s), 0 left on base; Phoenix 2 - New Amsterdam 2 |
BOTTOM OF THE 8TH |
New Amsterdam Republics batting - Pitching for Phoenix Hotspur : RHP Scott William
|
Batting: RHB António Pérez
|
0-0: Ball 1-0: Ball 2-0: Fly out, F8 (Flyball, 8RM)
|
Batting: RHB Cory Hansen
|
0-0: Fly out, F8 (Flyball, 8RD)
|
Batting: RHB Hank Wilder
|
0-0: Ball 1-0: Foul Ball, location: 2F 1-1: Ball 2-1: Foul Ball, location: 2F 2-2: Strikes out looking
|
Bottom of the 8th over - 0 run(s), 0 hit(s), 0 error(s), 0 left on base; Phoenix 2 - New Amsterdam 2 |
TOP OF THE 9TH |
Phoenix Hotspur batting - Pitching for New Amsterdam Republics : RHP Bobby Swain
|
Batting: LHB Dave Knight
|
0-0: Called Strike 0-1: DOUBLE (Flyball, 8LXD)
|
Pitching: RHP Gavin Blackburn
|
|
Batting: RHB Randy Rehling
|
0-0: Swinging Strike 0-1: SINGLE (Groundball, 6MD) Dave Knight to third Runner from 3rd tries for Home, SAFE, no throw or cutoff
|
Batting: LHB Rubén López
|
0-0: Fly out, F7 (Flyball, 7D)
|
Batting: LHB Albert González
|
0-0: Fly out, F8 (Flyball, 4MD)
|
Batting: RHB John Moore
|
0-0: Ball 1-0: Swinging Strike 1-1: Foul Ball, location: 2F 1-2: Strikes out swinging
|
Top of the 9th over - 1 run(s), 2 hit(s), 0 error(s), 1 left on base; Phoenix 3 - New Amsterdam 2 |
BOTTOM OF THE 9TH |
New Amsterdam Republics batting - Pitching for Phoenix Hotspur : RHP Scott William
|
Pitching: LHP Bryan Jones
|
|
Batting: LHB Félix López
|
0-0: Ball 1-0: Ball 2-0: Called Strike 2-1: Called Strike 2-2: Ball 3-2: Strikes out swinging
|
Batting: RHB Júlio Maldonado
|
0-0: Ball 1-0: Ball 2-0: Ball 3-0: Called Strike 3-1: Fly out, F6 (Popup, 6D)
|
Batting: RHB Luis Muńóz
|
0-0: Ball 1-0: Ball 2-0: Called Strike 2-1: Swinging Strike 2-2: Strikes out swinging
|
Bottom of the 9th over - 0 run(s), 0 hit(s), 0 error(s), 0 left on base; Phoenix 3 - New Amsterdam 2 |
|